AoeStats
← MeowMe

Arena

505840865Analyzed
4v4 RM · 20d ago on Sep 11, 2026· 51m 9s· 8 players
Game mode
Random Map
Map size
Large (8 player)
Population
200
Speed
Normal
Resources
Standard
Victory
Conquest
Starting age
Dark Age
Ending age
Imperial Age
RankedLock teamsTeams togetherTeam positionsShared explorationLock speedFull tech treeHidden civsTurbo modeCheats
Victory
Defeat
🇩🇪 Bohemians · Germany
1600
+10
🇩🇪 Cumans · Germany
1544
+12
🇩🇪 Burmese · Germany
1533
+12
🇩🇪 Japanese · Germany
1458
+14
🇧🇾 Franks · Belarus
1506
-14
🇬🇪 Turks · Georgia
1433
-12
🇷🇺 Italians · Russia
1426
-11
🇦🇺 Poles · Australia
1419
-11
OLADUSHEK
10:43 Feudal Age
11:39 Double-Bit Axe
14:28 Castle Age
14:31 Light Cavalry
15:22 Bow Saw
19:35 Husbandry
20:18 Gold Mining
21:22 Scale Barding Armor
22:42 Wheelbarrow
23:15 Chain Barding Armor
24:25 Forging
24:24 Loom
25:46 Iron Casting
25:57 Hand Cart
28:01 Gold Shaft Mining
31:31 Imperial Age
29:20 Stone Mining
31:35 Cavalier
32:50 Plate Barding Armor
33:16 Devotion
35:37 Blast Furnace
35:44 Paladin
36:15 Town Watch
37:34 Conscription
39:57 Town Patrol
40:10 Masonry
39:51 Fletching
41:31 Coinage
42:05 Ballistics
42:45 Chemistry
41:41 Bodkin Arrow
46:33 Architecture
49:04 Guard Tower
48:59 Arrowslits
49:28 Fortified Wall
SiraZaika
10:01 Feudal Age
9:18 Loom
14:09 Castle Age
12:11 Double-Bit Axe
15:18 Fletching
18:06 Bodkin Arrow
19:14 Horse Collar
21:00 Padded Archer Armor
25:01 Heavy Plow
25:56 Wheelbarrow
29:33 Imperial Age
28:12 Wheelbarrow
28:56 Ballistics
32:53 Chemistry
36:13 Wheelbarrow
37:39 Bracer
37:54 Leather Archer Armor
37:52 Heavy Plow
38:03 Bow Saw
38:35 Leather Archer Armor
39:47 Fortified Wall
40:45 Ring Archer Armor
42:20 Gold Mining
44:14 Pirotechnia
48:53 Crop Rotation
48:25 Treadmill Crane
48:56 Masonry
OB
10:35 Feudal Age
11:24 Horse Collar
11:30 Double-Bit Axe
17:07 Castle Age
15:33 Gold Mining
17:25 Scale Barding Armor
17:46 Bloodlines
18:19 Heavy Plow
18:31 Bow Saw
19:54 Szlachta Privileges
21:19 Forging
24:47 Chain Barding Armor
26:16 Wheelbarrow
26:29 Iron Casting
26:00 Husbandry
26:40 Stone Mining
33:28 Imperial Age
33:37 Stone Shaft Mining
33:32 Hand Cart
33:29 Fletching
34:00 Cavalier
35:43 Blast Furnace
34:41 Bodkin Arrow
35:21 Crop Rotation
37:36 Conscription
37:11 Light Cavalry
40:34 Elite Obuch
41:54 Scale Mail Armor
41:55 Bracer
42:59 Hoardings
43:33 Lechitic Legacy
45:18 Winged Hussar
47:00 Chain Mail Armor
MeowMe
11:48 Feudal Age
10:41 Loom
15:27 Castle Age
13:58 Double-Bit Axe
13:54 Horse Collar
18:01 Bow Saw
17:54 Heavy Plow
24:29 Gold Mining
24:29 Stone Mining
24:51 Treadmill Crane
31:18 Padded Archer Armor
31:08 Fletching
32:19 Wheelbarrow
34:18 Imperial Age
34:30 Fortified Wall
35:53 Wheelbarrow
36:22 Two-Man Saw
37:10 Town Watch
38:25 Hand Cart
40:42 Conscription
41:47 Gold Shaft Mining
41:02 Stone Mining
48:10 Coinage
47:51 Guilds
47:41 Caravan
Öl1ng
8:14 Feudal Age
8:59 Double-Bit Axe
10:07 Horse Collar
19:08 Castle Age
16:54 Loom
19:47 Wheelbarrow
20:29 Scale Barding Armor
23:21 Stone Mining
24:39 Gold Mining
30:02 Imperial Age
27:38 Gold Mining
28:33 Bloodlines
28:44 Chain Barding Armor
30:19 Bow Saw
30:14 Heavy Plow
32:02 Two-Man Saw
31:35 Cavalier
35:36 Fletching
36:17 Town Watch
38:01 Plate Barding Armor
38:15 Hand Cart
38:02 Paladin
40:12 Forging
40:19 Bodkin Arrow
42:56 Iron Casting
45:14 Crop Rotation
45:13 Light Cavalry
47:54 Blast Furnace
47:36 Hand Cart
49:04 Caravan
49:44 Hussar
51:10 Conscription
105er.G0ldenFir3
11:13 Feudal Age
12:28 Double-Bit Axe
15:19 Castle Age
13:40 Horse Collar
15:28 Light Cavalry
16:19 Bow Saw
17:14 Loom
22:06 Fervor
23:19 Sanctity
23:49 Wheelbarrow
24:30 Heavy Plow
28:23 Imperial Age
27:07 Chemistry
28:35 Hand Cart
30:12 Two-Man Saw
29:44 Heavy Plow
30:58 Block Printing
31:10 Illumination
32:22 Heavy Plow
33:11 Pikeman
33:51 Squires
35:46 Conscription
36:59 Halberdier
37:41 Scale Mail Armor
37:43 Town Watch
37:56 Houfnice
40:42 Coinage
42:25 Wagenburg Tactics
42:29 Siege Engineers
42:59 Chain Mail Armor
45:07 Padded Archer Armor
45:37 Plate Mail Armor
45:18 Forging
45:22 Masonry
45:33 Ballistics
46:09 Fortified Wall
46:23 Ballistics
46:23 Bombard Tower
45:44 Treadmill Crane
46:34 Architecture
47:30 Architecture
47:21 Bombard Tower
46:41 Treadmill Crane
47:44 Fletching
48:31 Iron Casting
48:11 Leather Archer Armor
48:13 Arson
48:27 Bodkin Arrow
105er.James Newstedd
10:10 Feudal Age
13:57 Castle Age
12:38 Horse Collar
12:48 Double-Bit Axe
12:46 Horse Collar
13:19 Loom
29:19 Imperial Age
31:17 Fletching
40:30 Pikeman
41:31 Scale Mail Armor
45:24 Chain Mail Armor
45:38 Forging
44:53 Halberdier
47:53 Plate Mail Armor
51:08 Iron Casting
51:06 Squires
JamesNewstedd
12:10 Feudal Age
12:49 Horse Collar
15:48 Castle Age
17:44 Wheelbarrow
18:20 Heavy Plow
23:44 Scale Barding Armor
24:36 Gold Mining
25:10 Loom
26:00 Stone Mining
26:46 Gold Shaft Mining
29:50 Imperial Age
28:08 Padded Archer Armor
28:10 Husbandry
28:21 Bloodlines
28:27 Bloodlines
28:18 Town Watch
28:00 Light Cavalry
29:17 Chain Barding Armor
29:08 Forging
30:01 Cavalier
33:40 Coinage
32:50 Elite Arambai
35:15 Hussar
38:14 Plate Barding Armor
38:14 Iron Casting
38:20 Guilds
38:37 Conscription
39:27 Iron Casting
39:41 Manipur Cavalry
42:05 Blast Furnace
40:57 Fletching
42:10 Chemistry
41:31 Ballistics
40:51 Treadmill Crane
47:45 Parthian Tactics
49:08 Caravan
Connection lost

Rejoining the realm…

Still unreachable

The connection could not be restored.

Session expired

The server has moved on; the page needs a fresh start.